 Dungeon Crawl Stone Soup version 0.23.2-1-ga50397a (webtiles) character file.

Game seed: 17737806887838270089

4809 Leeroy the Destroyer (level 10, -1/81 HPs)
             Began as a Pale Draconian Conjurer on Apr 14, 2019.
             Was a Priest of Sif Muna.
             Slain by an ice beast (13 damage)
             ... on level 7 of the Dungeon.
             The game lasted 00:43:46 (10207 turns).

Leeroy the Destroyer (Pale Draconian Conjurer)     Turns: 10207, Time: 00:43:47

Health: -1/81      AC:  9    Str: 14    XL:     10   Next: 24%
Magic:  19/19      EV: 15    Int: 16    God:    Sif Muna [***...]
Gold:   320        SH:  3    Dex: 11    Spells: 3/21 levels left

rFire    . . .     SeeInvis .   y - +4 quarterstaff (chaos)
rCold    . . .     Gourm    .   (shield currently unavailable)
rNeg     . . .     Faith    .   (armour unavailable)
rPois    .         Spirit   .   (helmet restricted)
rElec    .         Reflect  +   z - +0 cloak
rCorr    .         Harm     .   m - +0 pair of gloves
MR       .....                  (no boots)
Stlth    ++........             O - +3 amulet of reflection
HPRegen  0.23/turn              (no ring)
MPRegen  0.16/turn              (no ring)

@: slowed, divine energy, very slow
A: breathe steam, unfitting armour, cold-blooded, AC +7
a: Breathe Steam, Stop Divine Energy, Channel Magic, Renounce Religion


You were on level 7 of the Dungeon.
You worshipped Sif Muna.
Sif Muna was most pleased with you.
You were hungry.

You visited 2 branches of the dungeon, and saw 11 of its levels.
You also visited: Ossuary.

You collected 424 gold pieces.
You spent 104 gold pieces at shops.

Inventory:

Hand Weapons
 a - a +0 flail of holy wrath
 g - a +0 hand axe of venom
 h - a +0 blowgun
 u - a +1 rapier
 w - a +0 spear
 y - a +4 quarterstaff of chaos (weapon)
 A - a +0 hand crossbow
 K - the +2 spear of Cataclysm {drain, *Drain +Fly Str+8 Dex-3}
   (You found it on level 5 of the Dungeon)

   A truly terrible weapon, it drains the life of those it strikes.
   It affects your strength (+8).
   It affects your dexterity (-3).
   It lets you fly.
   It causes draining when unequipped.
 L - a +0 shortbow
 Y - a +0 falchion
Missiles
 i - 81 bolts
 l - 212 stones
 s - 85 sling bullets
 t - 39 poisoned needles
 F - 70 arrows
 N - 5 needles of paralysis
 X - 15 tomahawks (quivered)
Armour
 k - a +1 buckler of protection
 m - a +0 pair of gloves (worn)
 z - a +0 cloak (worn)
 T - a +0 buckler
Magical Staves
 J - an uncursed staff of poison {unknown}
Jewellery
 v - a cursed ring of protection from cold
 O - a +3 amulet of reflection (around neck)
 Z - an uncursed ring of fire
Wands
 R - a wand of iceblast (15)
 U - a wand of digging (5)
Scrolls
 c - 5 scrolls of remove curse
 d - 4 scrolls of teleportation
 e - a scroll of identify
 f - a scroll of fog
 n - a scroll of magic mapping {unknown}
 o - a scroll of amnesia {unknown}
 q - a scroll of enchant weapon
 r - 4 scrolls of blinking
 D - a scroll of torment {unknown}
 E - 2 scrolls of noise {unknown}
 I - 2 scrolls of enchant armour {unknown}
 M - a scroll of immolation {unknown}
 Q - a scroll of brand weapon {unknown}
 W - 2 scrolls of fear {unknown}
Potions
 j - a potion of invisibility {unknown}
 x - 2 potions of lignification {unknown}
 B - 5 potions of curing
 G - a potion of agility
 H - a potion of resistance
 P - 3 potions of flight
Comestibles
 b - 15 rations
 p - a chunk of flesh


   Skills:
 - Level 5.5 Fighting
 - Level 4.8(5.6) Short Blades
 + Level 4.3(5.4) Long Blades
 - Level 1.1 Polearms
 - Level 7.5 Dodging
 - Level 1.7 Stealth
 - Level 6.0 Spellcasting
 - Level 8.1 Conjurations


You had 3 spell levels left.
You knew the following spells:

 Your Spells              Type           Power        Failure   Level  Hunger
a - Magic Dart            Conj           ####         1%          1    None
b - Searing Ray           Conj           ####..       1%          2    #......
c - Dazzling Spray        Conj/Hex       ###...       8%          3    ##.....
d - Iskenderun's Mystic   Conj           ####....     4%          4    ####...
e - Fulminant Prism       Conj/Hex       ###.......   26%         4    ####...
f - Force Lance           Conj/Tloc      ###.....     26%         4    ####...

Your spell library contained the following spells:

 Spells                   Type           Power        Failure   Level  Hunger
 Corona                   Hex            #......      14%         1    None


Dungeon Overview and Level Annotations

Branches:
Dungeon (10/15)            Temple (1/1) D:6             Orc (0/2) D:9
   Lair: D:8-11

Altars:
Ashenzari
Dithmenos
Elyvilon
Fedhas
Gozag
Kikubaaqudgha
Makhleb
Nemelex Xobeh
Okawaru
Qazlal
Ru
Sif Muna
Trog
Uskayaw
Vehumet
Wu Jian
Xom
Yredelemnul
Zin
The Shining One

Shops:
D:4 [!=[   D:7 *

Annotations:
D:8 Joseph


Innate Abilities, Weirdness & Mutations

You can breathe blasts of scalding, opaque steam.
Your pale cyan-grey scales are hard. (AC +7)
You cannot fit into any form of body armour.
You are cold-blooded and may be slowed by cold attacks.


Message History

Something hits you but does no damage. The giant cockroach bites you.
* * * LOW HITPOINT WARNING * * *
You feel better. Something hits you. Something freezes you!
* * * LOW HITPOINT WARNING * * *
Something hits you but does no damage.
The giant cockroach bites you but does no damage.
Something hits you.
* * * LOW HITPOINT WARNING * * *
Something freezes you!
* * * LOW HITPOINT WARNING * * *
You are feeling hungry.
The giant cockroach bites you but does no damage.
The giant cockroach bites you but does no damage.
There is a stone staircase leading up here.
You block something's attack.
The giant cockroach bites you but does no damage.
Something hits you.
* * * LOW HITPOINT WARNING * * *
Something freezes you!
You feel yourself slow down.
You die...

#.#########.## #.# ........# #.#
#.# ..#####.# #.# #.# ### #.#
#.######## #.# # #.# #.##.....#
#.# #### #.# #.##.###.# #.# ...##
#.# #.#...##.# #.#
....###.###......#.###########.##
.....<.........s@.........รท......
...............{.#.###########.##
........#####...#..............#
....##########.##.#..###########
..........#..........#
...######.#...###....# ####
#.....#.#...## ##..###.###.#
#..#.....#.#


You could see a giant cockroach.

Vanquished Creatures
  A gargoyle (D:10)
  A tengu conjurer (D:10)
  2 trolls (D:9)
  A wraith (D:9)
  2 wyverns (D:8)
  2 hungry ghosts (D:9)
  An orc warrior (D:10)
  An ice beast (D:8)
  3 phantoms
  An ogre (D:10)
  2 centaurs
  3 big kobolds
  3 bullfrogs
  2 water moccasin zombies (Ossuary)
  2 troll zombies (D:9)
  5 scorpions
  5 killer bees (D:10)
  3 howler monkeys (D:9)
  4 crimson imps
  A bullfrog zombie (D:9)
  Crazy Yiuf (D:3)
  A centaur skeleton (D:8)
  4 orc priests
  5 hounds
  A jelly (D:6)
  5 orc wizards
  A bullfrog skeleton (D:4)
  3 iguanas
  4 worker ants
  3 big kobold zombies (Ossuary)
  3 ogre zombies (D:9)
  2 mummies (Ossuary)
  12 adders
  An ooze (D:1)
  4 adder zombies
  A worm (D:2)
  3 dart slugs
  4 leopard geckos
  19 orcs
  A ball python (D:6)
  7 bats
  2 giant cockroaches
  6 goblins
  8 hobgoblins
  10 jackals
  32 kobolds
  5 quokkas
  7 frilled lizards
  3 gnoll zombies
  A goblin skeleton (D:9)
  3 goblin zombies (D:9)
  2 hobgoblin skeletons (D:9)
  5 hobgoblin zombies
  5 kobold zombies (Ossuary)
  A leopard gecko skeleton (D:4)
  2 orc skeletons (D:9)
  13 orc zombies
  A quokka skeleton (D:4)
  12 rats
248 creatures vanquished.

Vanquished Creatures (others)
  An adder zombie (Ossuary)
  A kobold (D:8)
  9 fulminant prisms
  A fungus (D:8)
12 creatures vanquished.

Grand Total: 260 creatures vanquished

Notes
Turn   | Place    | Note
-------+----------+-------------------------------------------
     0 | D:1      | Leeroy the Draconian Conjurer began the quest for the Orb.
     0 | D:1      | Reached XP level 1. HP: 14/14 MP: 3/3
   127 | D:1      | Reached XP level 2. HP: 4/20 MP: 0/5
   131 | D:1      | Learned a level 2 spell: Searing Ray
   150 | D:1      | HP: 1/20 [hobgoblin/+0 club (1)]
  1048 | D:1      | Reached XP level 3. HP: 24/26 MP: 6/6
  1053 | D:1      | Learned a level 3 spell: Dazzling Spray
  1090 | D:1      | Reached skill level 5 in Conjurations
  1568 | D:2      | Found a faded altar of an unknown god.
  1613 | D:2      | Reached XP level 4. HP: 13/33 MP: 7/7
  2366 | D:2      | Reached skill level 6 in Conjurations
  2615 | D:2      | Found a basalt altar of Yredelemnul.
  2889 | D:3      | Reached skill level 1 in Short Blades
  2947 | D:3      | Reached XP level 5. HP: 26/38 MP: 8/8
  3014 | D:3      | Found an ancient bone altar of Kikubaaqudgha.
  3014 | D:3      | Found a deep blue altar of Sif Muna.
  3016 | D:3      | Found a radiant altar of Vehumet.
  3020 | D:3      | Identified Sif Muna's Incunabulum of Enchantment
  3052 | D:3      | Became a worshipper of Sif Muna the Loreminder
  3335 | D:3      | Found a runed translucent door.
  3336 | D:3      | Noticed Crazy Yiuf
  3366 | D:3      | Killed Crazy Yiuf
  3711 | D:4      | Found Geocs's Distillery.
  3721 | D:4      | Bought a potion of heal wounds for 65 gold pieces
  3721 | D:4      | Bought a potion of curing for 39 gold pieces
  3990 | D:4      | Reached XP level 6. HP: 45/45 MP: 3/11
  3996 | D:4      | Learned a level 4 spell: Iskenderun's Mystic Blast
  4024 | D:4      | Found Wiw Likehu's Armour Shoppe.
  4093 | D:4      | Found an iron altar of Okawaru.
  4162 | D:4      | Found Untitaicw's Antique Armour Emporium.
  4175 | D:4      | Found Diorr's Jewellery Shop.
  4220 | D:4      | Found an opulent altar of Gozag.
  4254 | D:5      | Entered Level 5 of the Dungeon
  4385 | D:5      | Got a fine spear
  4386 | D:5      | Identified the cursed +2 spear of Cataclysm {drain, *Drain
                  | +Fly Str+8 Dex-3} (You found it on level 5 of the Dungeon)
  4676 | D:6      | Found a sacrificial altar of Ru.
  4739 | D:6      | Reached skill level 5 in Spellcasting
  4741 | D:6      | Found a staircase to the Ecumenical Temple.
  4770 | Temple   | Entered the Ecumenical Temple
  4867 | D:6      | Reached * piety under Sif Muna
  4867 | D:6      | Your scales start taking on a pale cyan-grey colour.
  4867 | D:6      | Reached XP level 7. HP: 50/50 MP: 14/14
  5070 | D:7      | Found a sand-covered staircase.
  5105 | Ossuary  | Entered an ossuary
  5468 | Ossuary  | Reached skill level 1 in Polearms
  5500 | Ossuary  | Reached skill level 1 in Fighting
  5613 | D:7      | Found a glowing golden altar of the Shining One.
  5684 | D:7      | You fall through a shaft for 3 floors!
  5684 | D:10     | Entered Level 10 of the Dungeon
  5714 | D:10     | Noticed a gargoyle
  5750 | D:10     | Killed a gargoyle
  5750 | D:10     | Reached XP level 8. HP: 44/62 MP: 0/17
  5780 | D:10     | Noticed a tengu conjurer
  5790 | D:10     | Killed a tengu conjurer
  5906 | D:10     | Reached skill level 5 in Fighting
  5976 | D:10     | Noticed a troll
  6050 | D:10     | Learned a level 4 spell: Fulminant Prism
  6055 | D:10     | Learned a level 4 spell: Force Lance
  6710 | D:10     | Reached XP level 9. HP: 74/74 MP: 13/18
  6794 | D:9      | Reached skill level 5 in Dodging
  7065 | D:9      | Found a shimmering altar of Xom.
  7166 | D:9      | Noticed a troll
  7193 | D:9      | Killed a troll
  7193 | D:9      | Reached ** piety under Sif Muna
  7211 | D:9      | Reached skill level 7 in Conjurations
  7516 | D:9      | Found a staircase to the Orcish Mines.
  8037 | D:9      | Killed a troll
  8037 | D:9      | Reached skill level 8 in Conjurations
  8866 | D:8      | Found a glowing silver altar of Zin.
  8890 | D:8      | Reached XP level 10. HP: 72/81 MP: 7/19
  8904 | D:8      | Reached skill level 1 in Long Blades
  9569 | D:8      | Noticed Joseph
  9901 | D:7      | Reached *** piety under Sif Muna
 10021 | D:7      | Found an ornate altar of the Wu Jian Council.
 10079 | D:7      | Found Ysmurias's Assorted Antiques.
 10207 | D:7      | Slain by an ice beast

Skill      XL: |  1  2  3  4  5  6  7  8  9 10 |
---------------+-------------------------------+-----
Conjurations   | 5 6 8 |  8.1
Short Blades   | 2 4 |  4.8
Spellcasting   | 3 5 6 |  6.0
Polearms       | 1 |  1.1
Fighting       | 2 5 |  5.5
Dodging        | 4 7 |  7.5
Long Blades    | 4 |  4.3
Stealth        | |  1.7

Action                   |  1- 3 |  4- 6 |  7- 9 | 10-12 || total
-------------------------+-------+-------+-------+-------++-------
Melee: Dagger            |   139 |    12 |       |       ||   151
       Unarmed           |    16 |       |       |       ||    16
       Tailslap          |    17 |    19 |    38 |     8 ||    82
       Short sword       |       |    64 |       |       ||    64
       Rapier            |       |    84 |       |       ||    84
       Spear             |       |    37 |    16 |       ||    53
       Quarterstaff      |       |       |   324 |    75 ||   399
Throw: Stone             |       |       |     4 |       ||     4
       Tomahawk          |       |       |     1 |       ||     1
 Cast: Magic Dart        |    19 |    14 |     6 |     2 ||    41
       Searing Ray       |     5 |     8 |    18 |     5 ||    36
       Dazzling Spray    |       |     7 |    11 |     4 ||    22
       Iskenderun's Myst |       |       |    21 |       ||    21
       Fulminant Prism   |       |       |     8 |     1 ||     9
       Force Lance       |       |       |     1 |       ||     1
Invok: Divine Energy     |       |       |     1 |       ||     1
 Abil: Breathe Steam     |       |       |     6 |     1 ||     7
  Use: Scroll            |       |     9 |     5 |     1 ||    15
       Potion            |       |     2 |     9 |     2 ||    13
 Stab: Sleeping          |     1 |     3 |     1 |     1 ||     6
       Invisible         |       |     5 |       |     1 ||     6
       Paralysed         |       |       |     4 |       ||     4
       Confused          |       |       |     2 |       ||     2
       Distracted        |       |       |     1 |       ||     1
       Petrifying        |       |       |     1 |       ||     1
  Eat: Chunk             |     3 |    12 |    16 |     3 ||    34
       Ration            |       |       |     2 |       ||     2
Armor: Skin              |    55 |    81 |   160 |    42 ||   338
Dodge: Dodged            |   105 |   145 |   384 |    84 ||   718
Block: Buckler           |     9 |    18 |       |       ||    27
       Other             |       |       |     6 |    14 ||    20
       Reflection        |       |       |       |     1 ||     1
